 Dungeon Crawl Stone Soup version 0.31-a0-851-g7ff8af7976 (webtiles) character file.

Game seed: 12240796267602112049

2753 Flugkiller the Grappler (level 9, 0/79 HPs)
             Began as an Octopode Shapeshifter on Oct 6, 2023.
             Was a Follower of Wu Jian.
             Killed from afar by an electric eel (8 damage)
             ... with a bolt of electricity
             ... on level 7 of the Dungeon.
             The game lasted 00:05:23 (4877 turns).

Flugkiller the Grappler (Octopode Shapeshifter)     Turns: 4877, Time: 00:05:24

Health: 0/79       AC:  5    Str: 18    XL:     9   Next: 68%
Magic:  9/9        EV: 13    Int: 12    God:    Wu Jian [*.....]
Gold:   215        SH:  0    Dex: 11    Spells: 8/8 levels left

rFire   + .          .
                       - Unarmed
rCold   . . .        (no shield)
rNeg    . . .        (helmet currently unavailable)
rPois   +            (no amulet)
rElec   .            p - +4 ring of protection
rCorr   .            f - ring of protection from fire
SInv    .            o - ring of poison resistance
Will    .....        (no ring) Stlth
                     (no ring)
HPRegen 0.33/turn    (no ring)
MPRegen 0.11/turn    (no ring)
                     (no ring)

%: no passive effects
@: berserking, beast-form, very quick
A: beast (slay +1), almost no armour, amphibious, 8 rings, camouflage 1,
gelatinous body 1, nimble swimmer 1, tentacles
a: Begin Untransformation, Renounce Religion


You were on level 7 of the Dungeon.
You worshipped Wu Jian.
Wu Jian was aware of your devotion.
You were a hulking beast.
You visited 2 branches of the dungeon, and saw 8 of its levels.

You collected 295 gold pieces.
You spent 80 gold pieces at shops.

Inventory:

Jewellery
 f - a ring of protection from fire (right tentacle)
   (You found it on level 3 of the Dungeon)
 o - a ring of poison resistance (on tentacle)
   (You found it on level 7 of the Dungeon)
 p - a +4 ring of protection (left tentacle)
   (You found it on level 1 of the Dungeon)
Talismans
 b - a beast talisman (active)
 c - a flux talisman
Wands
 d - a wand of flame (15)
   (You found it on level 4 of the Dungeon)
 m - a wand of charming (17)
   (You found it on level 3 of the Dungeon)
Scrolls
 a - a scroll of noise {unknown}
 e - a scroll of fog
 h - a scroll of poison
 i - a scroll of summoning {unknown}
 k - a scroll of amnesia {unknown}
 l - a scroll of blinking {unknown}
 r - a scroll of identify
 t - 2 scrolls of teleportation
Potions
 n - a potion of enlightenment {unknown}
 q - 3 potions of curing
 s - a potion of magic {unknown}


   Skills:
 - Level 1.0 Fighting
 - Level 2.0 Dodging
 + Level 13.2 Unarmed Combat
 - Level 3.0 Shapeshifting


You had 8 spell levels left.
You didn't know any spells.
Your spell library contained the following spells:

 Spells                   Type           Power      Damage    Failure   Level
 Ignite Poison            Fire/Tmut/Pois 0%         N/A       69%         3
 Leda's Liquefaction      Hex/Erth       0%         N/A       97%         4
 Sticky Flame             Conj/Fire      0%         2d3       97%         4
 Orb of Destruction       Conj           0%         9d5       100%        7
 Ignition                 Fire           0%         3d3       100%        8
 Chain Lightning          Conj/Air       0%         N/A       100%        9


Dungeon Overview and Level Annotations

Branches:
Dungeon (7/15) Zot: 26964  Temple (1/1) D:5 Zot: 5978

Altars:
Ashenzari
Cheibriados
Dithmenos
Elyvilon
Gozag
Hepliaklqana
Kikubaaqudgha
Makhleb
Nemelex Xobeh
Okawaru
Ru
Sif Muna
Trog
Uskayaw
Vehumet
Wu Jian
Xom
Yredelemnul
Zin
The Shining One

Shops:
D:3 !

Annotations:
D:3 1 runed translucent door, Crazy Yiuf


Innate Abilities, Weirdness & Mutations

You are a hulking beast.
Your limbs bulge with bestial killing power. (Slay +1)
You cannot wear most types of armour.
You are amphibious.
You can wear up to eight rings at the same time.
Your skin changes colour to match your surroundings (Stealth+).
Your rubbery body absorbs attacks. (AC +1, EV +1)
You are camouflaged when in or above water. (Stealth+)
You have tentacles for arms and can constrict up to eight enemies at once.


Message History

You bludgeon the sleepcap!
You destroy the sleepcap!
The Council accepts your kill.
You can now lightly attack monsters by moving around them.
No target in view!
You open the door.
There is an open door here.
You open the door.
There is an open door here.
There is an open door here.
You see here a black bear corpse.
You catch the helpless sleepcap completely off-guard!
You bludgeon the sleepcap! You grab the sleepcap. You squeeze the sleepcap.
The sleepcap is severely damaged.
You constrict the sleepcap. The sleepcap misses you.
You tentacle-slap the sleepcap but do no damage.
You squeeze the sleepcap.
The sleepcap is almost destroyed.
You constrict the sleepcap, but do no damage.
You tentacle-slap the sleepcap but do no damage.
You tentacle-slap the sleepcap.
The sleepcap is almost destroyed.
You constrict the sleepcap. The sleepcap barely misses you.
You bludgeon the sleepcap!
You destroy the sleepcap!
The Council accepts your kill.
You see here a +0 spear.
You open the door.
There is an open door here.
Done exploring.
Done exploring.
Done exploring.
No target in view!
No target in view!
There is a stone staircase leading down here.
You climb downwards.
Found a potion of lignification, a leather armour, a golden ring and a flail.
Found a stone staircase leading down.
There is a stone staircase leading up here.
Unknown command.
Okay, then.
A kobold comes into view. It is wielding a +0 short sword.
A kobold comes into view. It is wielding a +0 whip.
The kobold shouts!
A kobold brigand comes into view.
It is wielding a +0 short sword of venom and quivering poisoned darts.
You see here a ring of poison resistance.
o - a ring of poison resistance;
a - a scroll labelled KIJAPN SOHUCI
There is a stone staircase leading up here.
You climb upwards.
There is a stone staircase leading down here.
o - a ring of poison resistance (on tentacle) Unknown command.
You climb downwards.
The kobold barely misses you.
There is a stone staircase leading up here.
You bludgeon the kobold!
You kill the kobold!
The Council accepts your kill.
No target in view!
No target in view!
An electric eel comes into view.
An electric eel is nearby!
The electric eel shoots out a bolt of lightning at you!
The bolt of electricity hits you.
You enter the shallow water.
An electric eel comes into view.
An ufetubus comes into view.
The electric eel shoots out a bolt of lightning at you!
The bolt of electricity hits you!
The bolt of electricity hits the ufetubus!
The ufetubus dies!
You barely miss the electric eel. Your grab misses the electric eel.
You squeeze the electric eel.
The electric eel is moderately wounded.
You closely miss the electric eel. Your grab misses the electric eel.
Your tentacle-slap misses the electric eel.
The electric eel is moderately wounded.
The electric eel shoots out a bolt of lightning at you!
The bolt of electricity hits you!
You tentacle-slap the electric eel. Your grab misses the electric eel.
Your squeeze misses the electric eel.
The electric eel is heavily wounded.
The electric eel shoots out a bolt of lightning at you!
The bolt of electricity hits you!
The electric eel shoots out a bolt of lightning at you!
The bolt of electricity hits you!
The electric eel shoots out a bolt of lightning at you!
The bolt of electricity hits you!
* * * LOW HITPOINT WARNING * * *
A red film seems to cover your vision as you go berserk!
You feel yourself moving faster!
You feel mighty!
The electric eel shoots out a bolt of lightning at you!
The bolt of electricity hits you!
* * * LOW HITPOINT WARNING * * *
Unknown command.
You feel a strong urge to attack something.
Unknown command.
You barely miss the electric eel. Your grab misses the electric eel.
Your squeeze misses the electric eel.
The electric eel shoots out a bolt of lightning at you!
The bolt of electricity hits you!
You die...

##.###............
#)...........
#<.#+##......
..####...!..>...
...........[..##
######........##
#.........###.
.....##.~SS~≈~≈≈~
.....+..h#~≈~≈≈#≈
......##.~#≈###≈#
...... #.≈#≈≈ #
..... #..~≈~~~
#..#...## #.. #..#
#.. ... #.. ..##
#.# ##


You could see 2 electric eels.

Vanquished Creatures
  Maggie (D:6)
  A hornet (D:5)
  Grinder (D:3)
  Sigmund (D:4)
  3 vampire mosquitoes (D:6)
  A black bear (D:6)
  An orc warrior (D:6)
  A sky beast (D:6)
  3 ogres
  2 phantoms (D:6)
  A bullfrog (D:6)
  2 scorpions (D:5)
  3 hounds
  2 orc priests (D:5)
  2 sleepcaps (D:6)
  2 iguanas
  Terence (D:3)
  4 orc wizards
  8 gnolls
  9 adders
  A shadow imp (D:6)
  A white imp (D:6)
  An ufetubus (D:4)
  2 worms
  2 dart slugs
  19 orcs
  8 endoplasms
  3 giant cockroaches
  6 goblins
  4 hobgoblins
  3 jackals (D:2)
  7 quokkas
  8 ball pythons
  5 bats
  5 frilled lizards
  7 kobolds
  8 rats
139 creatures vanquished.

Vanquished Creatures (others)
  An ufetubus (D:7)
1 creature vanquished.

Grand Total: 140 creatures vanquished

Notes
Turn   | Place    | Note
-------+----------+-------------------------------------------
     0 | D:1      | Flugkiller the Octopode Shapeshifter began the quest for
                  | the Orb.
     0 | D:1      | Reached XP level 1. HP: 13/13 MP: 1/1
   179 | D:1      | Reached XP level 2. HP: 18/18 MP: 2/2
   442 | D:1      | Reached skill level 4 in Unarmed Combat
   452 | D:1      | Reached XP level 3. HP: 23/23 MP: 3/3
  1062 | D:2      | Reached XP level 4. HP: 21/28 MP: 4/4
  1253 | D:2      | Found a faded altar of an unknown god.
  1345 | D:3      | Reached skill level 5 in Unarmed Combat
  1638 | D:3      | Noticed Terence
  1646 | D:3      | Killed Terence
  1647 | D:3      | Reached XP level 5. HP: 24/33 MP: 5/5
  1749 | D:3      | Found Vafigum's Distillery.
  1754 | D:3      | Bought a potion of heal wounds for 50 gold pieces
  1754 | D:3      | Bought a potion of curing for 30 gold pieces
  1836 | D:3      | Reached skill level 6 in Unarmed Combat
  1981 | D:3      | Found a runed translucent door.
  1982 | D:3      | Noticed Crazy Yiuf
  2095 | D:3      | Noticed Grinder
  2106 | D:3      | Paralysed by Grinder for 2 turns
  2111 | D:3      | Killed Grinder
  2112 | D:3      | Reached skill level 7 in Unarmed Combat
  2112 | D:3      | Reached XP level 6. HP: 38/38 MP: 6/6
  2142 | D:3      | Reached XP level 7. HP: 37/43 MP: 7/7
  2368 | D:4      | Found Ryunt's Armour Shop.
  2523 | D:4      | Reached skill level 8 in Unarmed Combat
  2572 | D:4      | Noticed Sigmund
  2582 | D:4      | Killed Sigmund
  2686 | D:4      | Found a sparkling altar of Nemelex Xobeh.
  2750 | D:4      | Found an ancient bone altar of Kikubaaqudgha.
  3001 | D:5      | Entered Level 5 of the Dungeon
  3163 | D:5      | Found a staircase to the Ecumenical Temple.
  3171 | Temple   | Entered the Ecumenical Temple
  3182 | Temple   | Became a worshipper of the Wu Jian Council
  3200 | D:5      | Reached skill level 9 in Unarmed Combat
  3256 | D:5      | Reached XP level 8. HP: 46/48 MP: 8/8
  3623 | D:5      | Reached skill level 10 in Unarmed Combat
  3663 | D:5      | Noticed a hornet
  3697 | D:5      | Killed a hornet
  3981 | D:6      | Got an unusual book
  4070 | D:6      | Reached skill level 11 in Unarmed Combat
  4162 | D:6      | Reached XP level 9. HP: 44/53 MP: 9/9
  4169 | D:6      | Reached skill level 12 in Unarmed Combat
  4671 | D:6      | Noticed Maggie
  4678 | D:6      | Killed Maggie
  4679 | D:6      | Reached skill level 13 in Unarmed Combat
  4728 | D:6      | Reached * piety under Wu Jian
  4877 | D:7      | Killed from afar by an electric eel

Illustrated notes

Levels and vault maps discovered:
D:1:      minmay_arrival_hallway, layout_loops_ring, minmay_misc_feat_columns,
          serial_bayou_lagoon_b
D:2:      layout_basic, dilly_ecumenical_altar_fadedgnrine
D:3:      layout_loops_cross, serial_shops, nicolae_shop_trees,
          nicolae_grassy_gnolls, uniq_crazy_yiuf_cottage, uniq_grinder,
          uniq_terence
D:4:      layout_rooms, nemelex_dance_club_becter, kennysheep_mini_moat,
          serial_shops, nicolae_stop_n_shop_1, uniq_sigmund
D:5:      layout_loops_ring, minmay_temple_entry_sparse_star
D:6:      layout_basic, uniq_maggie
D:7:      layout_basic, minmay_crystal_water, uniq_jeremiah, uniq_joseph,
          uniq_duvessa
Temple:   nicolae_temple_two_arcs

Skill      XL: |  1  2  3  4  5  6  7  8  9 |
---------------+----------------------------+-----
Unarmed Combat | 4 5 7 9 11 13 | 13.2
Fighting       | |  1.0
Dodging        | |  2.0
Shapeshifting  | |  3.0

Action                     |  1- 3 |  4- 6 |  7- 9 || total
---------------------------+-------+-------+-------++-------
  Melee: Unarmed           |    63 |    77 |   178 ||   318
         Constrict         |    14 |    20 |    24 ||    58
         Tentacles         |    10 |    18 |    27 ||    55
         Punch             |       |     4 |     9 ||    13
Ability: Lunge             |       |       |    12 ||    12
    Use: Scroll            |       |       |     4 ||     4
         Potion            |       |       |     4 ||     4
   Stab: Sleeping          |    10 |     4 |     6 ||    20
         Distracted        |       |       |     2 ||     2
 Armour: Skin              |    18 |    29 |   102 ||   149
  Dodge: Dodged            |    29 |    33 |    49 ||   111

Table legend: (Time is in decaauts)
 A = Elapsed time spent in this place.
 B = Non-inter-level travel time spent in this place.
 C = Inter-level travel time spent in this place.
 D = Time resting spent in this place.
 E = Time spent auto-exploring this place.
 F = Levels seen in this place.
 G = Mean time per level.
                   A        B        C        D        E       F      G
               +--------+--------+--------+--------+--------+-----+--------+
         Total |   4834 |   4607 |    227 |    555 |   3101 |   8 |  604.2 |
       Dungeon |   4812 |   4594 |    218 |    555 |   3101 |   7 |  687.4 |
        Temple |     21 |     12 |      9 |      0 |      0 |   1 |   21.0 |
               +--------+--------+--------+--------+--------+-----+--------+

Top non-repeatable levels by time:
     D:3: 1029 daAuts
     D:6: 913 daAuts
     D:5: 775 daAuts
     D:4: 739 daAuts
     D:1: 720 daAuts
     D:2: 603 daAuts
     D:7: 31 daAuts
  Temple: 21 daAuts
